 Dungeon Crawl Stone Soup version 0.29.0-4-gdea44cf6ec (webtiles) character file.

Game seed: 10995080265526746223

50 qw the Sneak (level 3, -3/23 HPs)
             Began as a Gargoyle Delver on Sept 10, 2022.
             Slain by Sigmund
             ... wielding a +2 scythe of pain
              (5 damage)
             ... on level 2 of the Dungeon.
             The game lasted 00:00:47 (3304 turns).

qw the Sneak (Gargoyle Delver)                      Turns: 3304, Time: 00:00:48

Health: -3/23      AC:  9    Str: 17    XL:     3   Next: 79%
Magic:  3/3        EV:  7    Int: 10    God:
Gold:   50         SH:  0    Dex: 11    Spells: 2/2 levels left

rFire   . . .      SeeInvis .   Y - +0 war axe
rCold   . . .      Faith    .   i - +0 kite shield
rNeg    + . .      Spirit   .   d - +0 scale mail
rPois   inf        Reflect  .   (no helmet)
rElec   +          Harm     .   (no cloak)
rCorr   .          Rampage  .   (no gloves)
Will    .....                   (no boots)
Stlth   ..........              (no amulet)
HPRegen 0.07/turn               (no ring)
MPRegen 0.08/turn               (no ring)

@: confused
A: sickness immunity, AC +3, negative energy resistance 1, electricity
resistance, torment resistance 1, petrification resistance
a: no special abilities


You were on level 2 of the Dungeon.
You visited 1 branch of the dungeon, and saw 5 of its levels.

You collected 50 gold pieces.


Innate Abilities, Weirdness & Mutations

You are immune to sickness and miasma.
Your stone body is resilient. (AC +3)
You are immune to poison.
You resist negative energy. (rN+)
You are resistant to electric shocks. (rElec)
You are resistant to unholy torment.
You are immune to petrification.


   Skills:
 - Level 3.2 Fighting
 - Level 3.4 Axes
 - Level 0.3 Armour
 - Level 1.5 Dodging
 - Level 5.4 Stealth
 + Level 0.5 Shields


You had 2 spell levels left.
You didn't know any spells.
Your spell library was empty.

Inventory:

Hand Weapons
 b - a +0 mace
 Y - a +0 war axe (weapon)
Armour
 a - a +1 cloak of stealth
 d - a +0 scale mail (worn)
 i - a +0 kite shield (worn)
Jewellery
 h - a ring of fire
Wands
 g - a wand of digging (3)
Potions
 c - a potion of curing {unknown}
 e - a potion of mutation {unknown}
 f - 3 potions of haste
 j - a potion of experience {unknown}

Dungeon Overview and Level Annotations

Branches:
Dungeon (5/15)
 Temple: D:4-7

Altars:

Annotations:
D:2 Sigmund


Message History

You see here a +0 spear.
c - a black potion
Found a short sword.
Sigmund the Dreaded comes into view.
He is wielding a +2 scythe of pain.
Sigmund shouts!
Sigmund hits you from afar with a +2 scythe of pain.
Enter note:
Enter note: You hit Sigmund.
Sigmund is moderately wounded.
Sigmund barely misses you.
You hit Sigmund.
Sigmund is moderately wounded.
Sigmund hits you with a +2 scythe of pain!
You hit Sigmund.
Sigmund is heavily wounded.
Sigmund drinks a potion.
Sigmund is healed!
Sigmund casts a spell at you. The magic dart hits you.
You closely miss Sigmund.
Sigmund points at you and mumbles some strange words.
The magic dart hits you but does no damage.
You barely miss Sigmund. Sigmund casts a spell at you.
You are confused.
Sigmund hits you but does no damage.
You bump into the rock wall.
Sigmund barely misses you. Sigmund casts a spell at you.
The puff of flame hits you. Sigmund attacks as you move away!
Sigmund hits you but does no damage.
You bump into the rock wall.
Sigmund screams, "I am the angel of ZOT!!!"
Sigmund hits you from afar with a +2 scythe of pain.
You feel less confused.
Sigmund points at you and mumbles some strange words.
You are confused.
You bump into the rock wall.
Sigmund hits you with a +2 scythe of pain.
You die...

### ### #.. ..# #.# #.#
####### #.# #.# ......#
#.####.#######
#####.#####.#...........
......##......##@#######
#####.##.##....#@#
#........##......#
#.##..######...###
#.#.#.## ##.## ...###.##
#.# ..## ##.# #.#
##.###.## +# ##.#.##


You could see Sigmund.

Vanquished Creatures
  An adder (D:3)
  A worm (D:2)
  2 dart slugs (D:1)
  An orc (D:3)
  5 ball pythons
  A bat (D:1)
  4 endoplasms
  2 giant cockroaches (D:1)
  3 hobgoblins (D:1)
  4 kobolds (D:1)
  A goblin (D:1)
  3 rats (D:1)
28 creatures vanquished.

Vanquished Creatures (collateral kills)
  2 orcs (D:3)
2 creatures vanquished.

Grand Total: 30 creatures vanquished

Notes
Turn   | Place    | Note
-------+----------+-------------------------------------------
     0 | D:5      | qw the Gargoyle Delver began the quest for the Orb.
     0 | D:5      | Reached XP level 1. HP: 14/14 MP: 1/1
     0 | D:5      | 0 ||| qw: Version: 0.1-a-116-g5d60599
     0 | D:5      | 0 ||| qw: Game counter: 7839
     0 | D:5      | 0 ||| qw: Always use a shield: true
     0 | D:5      | 0 ||| qw: God list: Okawaru
     0 | D:5      | 0 ||| qw: Allow faded altars: false
     0 | D:5      | 0 ||| qw: Do Orc after D:15 true
     0 | D:5      | 0 ||| qw: Do second Lair branch before Depths: true
     0 | D:5      | 0 ||| qw: Lair rune preference: random
     0 | D:5      | 0 ||| qw: Plans: Normal
     0 | D:5      | 0 ||| PLANNING D:1-11
    65 | D:5      | 65 ||| READING scroll labelled KUOFUJUQAWK.
    66 | D:5      | 66 ||| READING scroll labelled CEOG XOMEO.
   100 | D:5      | 100 ||| READING scroll labelled CUZEHETEUS.
   101 | D:5      | 101 ||| DROPPING scroll of fog.
   102 | D:5      | 102 ||| DROPPING scroll of magic mapping.
   103 | D:5      | 103 ||| DROPPING scroll of fear.
   127 | D:3      | 127 ||| SWAPPING to +0 war axe.
   128 | D:3      | 128 ||| DROPPING +0 hand axe.
   228 | D:3      | HP: 3/14 [adder (1)]
   232 | D:3      | Reached XP level 2. HP: 4/19 MP: 2/2
   485 | D:3      | 485 ||| UPGRADING to +0 ring mail.
   495 | D:3      | 495 ||| DROPPING +0 leather armour.
   496 | D:3      | 496 ||| READING scroll labelled XOAKHU PUSODYN.
   497 | D:3      | 497 ||| READING scroll labelled ELUBOG ECVEDYA.
   586 | D:1      | 586 ||| Stepping ~*~*~tactically~*~*~ (stealth).
   588 | D:1      | Reached skill level 3 in Axes
   602 | D:1      | Reached XP level 3. HP: 23/23 MP: 3/3
   618 | D:1      | 618 ||| Stepping ~*~*~tactically~*~*~ (stealth).
   620 | D:1      | 620 ||| Stepping ~*~*~tactically~*~*~ (stealth).
   624 | D:1      | 624 ||| Stepping ~*~*~tactically~*~*~ (stealth).
   634 | D:1      | 634 ||| Stepping ~*~*~tactically~*~*~ (stealth).
   640 | D:1      | 640 ||| Stepping ~*~*~tactically~*~*~ (stealth).
   642 | D:1      | 642 ||| Stepping ~*~*~tactically~*~*~ (stealth).
  1093 | D:1      | 1093 ||| Stepping ~*~*~tactically~*~*~ (hiding).
  1197 | D:1      | 1197 ||| Stepping ~*~*~tactically~*~*~ (hiding).
  1299 | D:1      | 1299 ||| Stepping ~*~*~tactically~*~*~ (hiding).
  1401 | D:1      | 1401 ||| Stepping ~*~*~tactically~*~*~ (hiding).
  1503 | D:1      | 1503 ||| Stepping ~*~*~tactically~*~*~ (hiding).
  1605 | D:1      | 1605 ||| Stepping ~*~*~tactically~*~*~ (hiding).
  1707 | D:1      | 1707 ||| Stepping ~*~*~tactically~*~*~ (hiding).
  1809 | D:1      | 1809 ||| Stepping ~*~*~tactically~*~*~ (hiding).
  1911 | D:1      | 1911 ||| Stepping ~*~*~tactically~*~*~ (hiding).
  2013 | D:1      | 2013 ||| Stepping ~*~*~tactically~*~*~ (hiding).
  2115 | D:1      | 2115 ||| Stepping ~*~*~tactically~*~*~ (hiding).
  2217 | D:1      | 2217 ||| Stepping ~*~*~tactically~*~*~ (hiding).
  2883 | D:1      | 2883 ||| UPGRADING to +0 scale mail.
  2893 | D:1      | 2893 ||| DROPPING +0 ring mail.
  2894 | D:1      | 2894 ||| UPGRADING to +0 kite shield.
  2899 | D:1      | 2899 ||| READING 2 scrolls labelled FYFYIMYNOPN.
  3000 | D:1      | 3000 ||| DROPPING scroll of silence.
  3291 | D:2      | Noticed Sigmund
  3302 | D:2      | HP: 2/23 [Sigmund/+2 scythe of pain (5)]
  3304 | D:2      | Slain by Sigmund

Levels and vault maps discovered:
D:1:      amcnicky_arrival_choice, layout_loops_ring
D:2:      layout_loops_corners, chequers_ecumenical_altar_simple, uniq_sigmund
D:3:      layout_basic, minmay_cut_off
D:4:      layout_cave_pools, minivault_19, serial_bayou_lake_a, uniq_eustachio
D:5:      layout_loops_cross, minmay_misc_feat_doors, abandoned_shop

Skill      XL: |  1  2 |
---------------+-------+-----
Axes           | 2 3 |  3.4
Fighting       | |  3.2
Armour         | |  0.3
Dodging        | |  1.5
Stealth        | |  5.4
Shields        | |  0.5

Action                   || total
-------------------------++-------
Melee: War axe           ||    85
  Use: Scroll            ||     6
 Stab: Sleeping          ||     3
Armor: Leather armour    ||     4
       Ring mail         ||    24
       Scale mail        ||     5
Dodge: Dodged            ||    42
Block: Kite shield       ||     5

Table legend:
 A = Non-vault XP
 B = Vault XP
 C = Vault XP percentage of total XP
 D = Non-vault monster count
 E = Vault monster count
 F = Vault count percentage of total count
                 A         B        C        D         E       F
            +---------+---------+-------+---------+---------+-------
      Total |      72 |       0 |   0.0 |      30 |       0 |   0.0
            +---------+---------+-------+---------+---------+-------
        D:1 |      38 |       0 |   0.0 |      22 |       0 |   0.0
        D:2 |       7 |       0 |   0.0 |       2 |       0 |   0.0
        D:3 |      27 |       0 |   0.0 |       6 |       0 |   0.0
            +---------+---------+-------+---------+---------+-------
